 Dungeon Crawl Stone Soup version 0.28.0 (webtiles) character file.

Game seed: 1184324803636088504

1299 GordonOverkill the Grappler (level 8, 0/57 HPs)
             Began as a Ghoul Hedge Wizard on Feb 15, 2022.
             Slain by an orc warrior (12 damage)
             ... on level 5 of the Dungeon.
             The game lasted 00:13:45 (8780 turns).

GordonOverkill the Grappler (Ghoul Hedge Wizard)    Turns: 8780, Time: 00:13:46

Health: 0/57       AC: 12    Str: 16    XL:     8   Next: 57%
Magic:  11/11      EV:  4    Int:  9    God:
Gold:   306        SH:  0    Dex:  8    Spells: 12/12 levels left

rFire   . . .      SeeInvis .     - Unarmed
rCold   + . .      Faith    .   (no shield)
rNeg    + + +      Spirit   .   l - +0 plate armour
rPois   ∞          Reflect  .   c - +2 hat
rElec   .          Harm     .   (no cloak)
rCorr   .          Rampage  .   (no gloves)
Will    .....                   (no boots)
Stlth   ..........              (no amulet)
HPRegen 0.00/turn               (no ring)
MPRegen 0.12/turn               (no ring)

@: inhibited regen
A: claws 1, cold resistance 1, negative energy resistance 3, inhibited
regeneration, torment resistance 2
a: no special abilities


You were on level 5 of the Dungeon.
You visited 1 branch of the dungeon, and saw 6 of its levels.
You also visited: Ossuary.

You collected 306 gold pieces.

Inventory:

Missiles
 n - 15 poisoned darts (quivered)
 p - 2 boomerangs
Armour
 c - a +2 hat (worn)
 l - a +0 plate armour (worn)
Wands
 e - a wand of acid (2)
Scrolls
 a - a scroll of torment
 d - a scroll of immolation
 f - 6 scrolls of teleportation
 h - a scroll of amnesia
 m - a scroll of summoning
Potions
 b - a potion of brilliance
 g - 3 potions of magic
 i - 2 potions of might
 j - a potion of heal wounds
 k - 4 potions of curing


   Skills:
 - Level 2.0 Throwing
 - Level 1.7 Dodging
 - Level 2.1 Stealth
 + Level 9.9 Unarmed Combat
 - Level 2.6 Spellcasting
 - Level 0.7 Conjurations
 - Level 0.8 Summonings
 - Level 0.8 Translocations
 + Level 2.9 Evocations


You had 12 spell levels left.
You didn't know any spells.
Your spell library contained the following spells:

 Spells                   Type           Power      Damage    Failure   Level
 Magic Dart               Conj           8%         1d3       100%        1
 Slow                     Hex            4%         N/A       100%        1
 Blink                    Tloc           4%         N/A       100%        2
 Call Imp                 Summ           2%         N/A       100%        2
 Conjure Flame            Conj/Fire      1%         6-21      100%        3
 Frozen Ramparts          Ice            2%         1d2       100%        3
 Mephitic Cloud           Conj/Pois/Air  1%         N/A       100%        3
 Portal Projectile        Hex/Tloc       2%         N/A       100%        3
 Hailstorm                Conj/Ice       1%         3d3       100%        4
 Summon Ice Beast         Ice/Summ       1%         N/A       100%        4
 Excruciating Wounds      Necr           0%         N/A       100%        5
 Simulacrum               Ice/Necr       0%         N/A       100%        6
 Ice Form                 Ice/Tmut       Unusable   N/A       N/A         4
 Blade Hands              Tmut           Unusable   N/A       N/A         5

Dungeon Overview and Level Annotations

Branches:
Dungeon (6/15)            Ossuary (visited)
 Temple: D:4-7

Altars:
Ashenzari


Innate Abilities, Weirdness & Mutations

You thrive by killing the living.
You are immune to poison.
You have sharp fingernails.
Your flesh is cold resistant. (rC+)
You are immune to negative energy. (rN+++)
You do not regenerate when monsters are visible.
You are immune to unholy pain and torment.


Message History

There is a stone staircase leading up here.
The orc warrior hits you with a +0 hand axe!
You climb upwards.
There is a stone staircase leading down here.
You scratch the orc warrior.
The orc warrior is lightly wounded.
The orc warrior hits you but does no damage.
You scratch the orc warrior.
The orc warrior is lightly wounded.
The orc warrior hits you with a +0 hand axe!
You closely miss the orc warrior.
The orc warrior is lightly wounded.
The orc warrior hits you with a +0 hand axe!
* * * LOW HITPOINT WARNING * * *
You scratch the orc warrior but do no damage.
The orc warrior is lightly wounded.
Items here: )) [[ †.
There is an open door, spattered with blood here.
Items here: )) [[.
Aiming: Corrosive Bolt
Press: ? - help, Shift-Dir - straight line, f - orc warrior
Aim: an orc warrior, wielding a +0 hand axe and wearing a +0 plate armour (lightly wounded, 74% to hit)
The bolt of acid misses the orc warrior.
The orc warrior hits you with a +0 hand axe!
* * * LOW HITPOINT WARNING * * *
Aiming: Corrosive Bolt
Press: ? - help, Shift-Dir - straight line, f/p - orc warrior
Aim: an orc warrior, wielding a +0 hand axe and wearing a +0 plate armour (lightly wounded, 74% to hit)
The bolt of acid hits the orc warrior.
The acid corrodes the orc warrior!
The orc warrior is moderately wounded.
The orc warrior hits you with a +0 hand axe!
* * * LOW HITPOINT WARNING * * *
Aiming: Corrosive Bolt
Press: ? - help, Shift-Dir - straight line, f/p - orc warrior
Aim: an orc warrior, wielding a +0 hand axe and wearing a +0 plate armour (moderately wounded, covered in acid, 74% to hit)
The bolt of acid hits the orc warrior!
The orc warrior seems to be corroded for longer.
The orc warrior is severely wounded.
The orc warrior hits you with a +0 hand axe!
You die...

#... #### ########
#......##################
#......+.................
#.....(#####........#####
#......#####........#####
#..>..[o@................
#.....[#)##'#############
##......#.#.......#####
#.......#.#.......#...#
#.#######.#.......#...#
#.....# #.#.......#...#
#####.###.#.......#...####
#.##..'.......#.......
#.##..#.......'...####


You could see an orc warrior (corroded).

Vanquished Creatures
  A hornet zombie (D:5)
  A black bear (D:3)
  An ogre (D:5)
  A phantom (D:5)
  2 elf zombies (Ossuary)
  A scorpion (D:5)
  2 centaur zombies (Ossuary)
  A hound (D:4)
  2 jellies (D:4)
  A bullfrog skeleton (D:5)
  A gnoll shaman (D:4)
  An orc priest (D:5)
  2 human zombies (Ossuary)
  4 orc wizards
  2 iguanas (D:4)
  A hound zombie (D:5)
  2 mummies (Ossuary)
  5 adders
  7 gnolls
  2 adder skeletons
  An adder zombie (Ossuary)
  3 worms
  3 dart slugs
  13 orcs
  10 ball pythons
  5 bats (D:1)
  7 endoplasms
  2 giant cockroaches
  8 goblins
  9 hobgoblins
  3 jackals (D:3)
  3 quokkas
  14 hobgoblin zombies (Ossuary)
  6 kobolds
  6 kobold zombies (Ossuary)
  8 orc zombies (Ossuary)
  A quokka skeleton (D:4)
  6 rats
  A rat zombie (Ossuary)
149 creatures vanquished.

Vanquished Creatures (others)
  A plant (D:1)
1 creature vanquished.

Grand Total: 150 creatures vanquished

Notes
Turn   | Place    | Note
-------+----------+-------------------------------------------
     0 | D:1      | GordonOverkill the Ghoul Hedge Wizard began the quest for
                  | the Orb.
     0 | D:1      | Reached XP level 1. HP: 14/14 MP: 3/3
   114 | D:1      | Reached skill level 1 in Unarmed Combat
   361 | D:1      | Reached XP level 2. HP: 15/20 MP: 0/4
   493 | D:1      | Found a faded altar of an unknown god.
   595 | D:1      | Reached skill level 2 in Unarmed Combat
  1120 | D:1      | Reached XP level 3. HP: 9/26 MP: 1/6
  1764 | D:2      | Reached skill level 3 in Unarmed Combat
  3282 | D:3      | Reached XP level 4. HP: 8/33 MP: 2/7
  3901 | D:3      | Reached skill level 4 in Unarmed Combat
  3932 | D:3      | Noticed a black bear
  4067 | D:2      | Reached skill level 1 in Throwing
  4310 | D:3      | Reached XP level 5. HP: 38/38 MP: 8/8
  4396 | D:3      | Killed a black bear
  4397 | D:3      | Reached skill level 5 in Unarmed Combat
  4744 | D:3      | Reached XP level 6. HP: 40/45 MP: 9/9
  5363 | D:4      | Reached skill level 6 in Unarmed Combat
  6199 | D:4      | Reached skill level 7 in Unarmed Combat
  6199 | D:4      | Reached XP level 7. HP: 46/50 MP: 10/10
  6976 | D:5      | Entered Level 5 of the Dungeon
  7030 | D:5      | Found a broken altar of Ashenzari.
  7105 | D:5      | Reached skill level 8 in Unarmed Combat
  7474 | D:5      | Reached skill level 9 in Unarmed Combat
  7474 | D:5      | Reached XP level 8. HP: 18/57 MP: 11/11
  7740 | D:5      | Found a sand-covered staircase.
  7749 | Ossuary  | Entered an ossuary
  7922 | Ossuary  | Reached skill level 1 in Evocations
  8780 | D:5      | Slain by an orc warrior

Illustrated notes

Levels and vault maps discovered:
D:1:      dpeg_arrival_rhombi, layout_rooms, shapermc_ecumenical_altar_ellora,
          item_on_display_a
D:2:      layout_basic, nicolae_underground_beach
D:3:      layout_loops_ring, st_stairs_7, saegor_snake_ambush
D:4:      layout_cave_pools, minmay_between
D:5:      layout_basic, evilmike_ruin_ashenzari, enter_ossuary_3,
          minmay_statues_item
D:6:      layout_layer_cave, amethyst_overflow_temple_binary,
          minmay_temple_entry_hall, portal_sewer_entry_b, uniq_pikel

Skill      XL: |  1  2  3  4  5  6  7  8 |
---------------+-------------------------+-----
Unarmed Combat | 1 2 3 4 5 7 9 |  9.9
Throwing       | 1 2 |  2.0
Evocations     | 2 |  2.9
Dodging        | |  1.7
Stealth        | |  2.1
Spellcasting   | |  2.6
Conjurations   | |  0.7
Summonings     | |  0.8
Translocations | |  0.8

Action                   |  1- 3 |  4- 6 |  7- 9 || total
-------------------------+-------+-------+-------++-------
Melee: Dagger            |    11 |       |       ||    11
       Unarmed           |    88 |   173 |   216 ||   477
       Punch             |     2 |     5 |    16 ||    23
Throw: Dart              |     2 |    21 |     5 ||    28
 Cast: Magic Dart        |    59 |       |       ||    59
Evoke: Wand              |       |       |     4 ||     4
  Use: Scroll            |       |     1 |    13 ||    14
       Potion            |       |     6 |     1 ||     7
 Stab: Sleeping          |     1 |       |       ||     1
Armor: Robe              |    19 |     3 |       ||    22
       Plate armour      |       |    96 |   112 ||   208
Dodge: Dodged            |    47 |    38 |    33 ||   118
